Map: Winter's Gate LE

Players

Mez - Winner!

  • Race: Terran Terran
  • League: Master
  • Spawn Location: 11:00

llllllllllll

  • Race: Protoss Protoss
  • League: Master
  • Spawn Location: 5:00

VOD

Have the link to the VOD?

Description

Time

  • Played on: Sept. 9, 2019, 12:22 p.m.
  • Length: 12:18
Show
View Real Time Build Order
Export as new Build Order

Mez Terran - Winner!

Build Orders: Reaper Expand 

Get SALT Encoding   

  12  0:00  SCV  
  13  0:13  SCV  
  14  0:17  Supply Depot  
  14  0:25  SCV  
  15  0:38  SCV  
  15  0:40  Barracks  
  16  0:44  Refinery  
  16  0:50  SCV  
  17  1:03  SCV  
  18  1:17  SCV  
  19  1:28  Reaper  
  19  1:29  Orbital Command  
  20  1:40  Command Center  
  20  1:47  Bunker  
  20  1:55  Supply Depot  
  20  1:58  SCV  
  21  2:05  Marine  
  22  2:10  SCV  
  22  2:14  Factory  
  23  2:22  SCV  
  24  2:23  Refinery  
  24  2:30  Barracks Reactor  
  24  2:34  SCV  
  25  2:46  SCV  
  26  2:54  Orbital Command  
  26  3:00  Widow Mine  
  28  3:06  Starport, Marine x2  
  30  3:20  SCV x2  
  30  3:22  Widow Mine  
  30  3:24  Supply Depot, Marine  
  35  3:31  Marine  
  35  3:32  SCV x2  
  38  3:44  Factory Tech Lab, SCV x2  
  38  3:47  Medivac  
  38  3:48  Barracks  
  42  3:51  Engineering Bay  
  42  3:56  SCV x2  
  42  3:59  Marine x2  
  46  4:08  SCV x2  
  47  4:13  Barracks  
  46  4:19  Terran Infantry Weapons Level 1  
  46  4:20  SCV  
  46  4:21  Starport Tech Lab, SCV  
  48  4:33  SCV x2  
  48  4:41  Missile Turret  
  48  4:45  SCV  
  46  4:51  Marine x2  
  45  4:53  Starport Reactor  
  44  5:07  SCV  
  43  5:20  Marauder, Marine  
  45  5:28  Missile Turret  
  45  5:40  Marine x2  
  47  5:44  Widow Mine  
  47  5:45  SCV x2  
  51  5:57  SCV x2  
  51  6:00  Stimpack  
  51  6:02  Marine  
  54  6:09  Refinery  
  54  6:24  Factory Reactor  
  54  6:26  Supply Depot  
  54  6:28  SCV x2, Marine  
  57  6:38  Marauder x2, Marine  
  57  6:39  Combat Shield  
  62  6:47  SCV x2  
  62  6:48  Supply Depot  
  62  6:50  Supply Depot  
  64  6:55  Marine  
  64  6:56  Marine  
  64  6:57  Medivac  
  68  7:01  Medivac  
  70  7:09  SCV x2  
  70  7:20  Marauder x2, Marine x2  
  70  7:21  Terran Infantry Armor Level 1  
  75  7:22  SCV  
  75  7:24  SCV  
  76  7:38  Marine  
  76  7:42  Liberator x2  
  77  7:47  Supply Depot  
  77  7:48  Supply Depot  
  77  7:52  Supply Depot  
  77  7:53  Bunker  
  77  7:57  SCV x2  
  79  7:58  Supply Depot  
  79  8:00  Marine  
  86  8:08  Marine x2  
  86  8:09  Widow Mine x2, SCV  
  93  8:19  Refinery  
  56  8:57  Marine  
  56  8:58  Marauder x2, Marine  
  56  9:01  SCV x2  
  64  9:13  SCV  
  64  9:15  Marine x2  
  64  9:17  Armory  
  67  9:19  Marauder, Marine  
  70  9:28  Medivac x2  
  70  9:29  Widow Mine  
  76  9:33  Marine x2  
  76  9:37  Marauder  
  80  9:40  Marauder  
  80  9:42  SCV x2  
  84  9:45  Supply Depot  
  86  9:53  Factory Reactor  
  86  9:54  SCV  
  86  9:59  Marine  
  87  10:00  Marauder, Marine  
  87  10:02  Marauder, Liberator x2  
  92  10:07  SCV x2  
  91  10:19  SCV  
  87  10:35  SCV  
  87  10:36  SCV  
  89  10:43  Marauder x2  
  90  11:01  Marine x2  
  92  11:04  Marauder x2  
  91  11:26  Marauder x2, Marine x2  
  97  11:34  Widow Mine x2  
  101  11:42  SCV  
  101  11:43  SCV  
  101  11:44  Marine  
  104  11:48  Supply Depot  
  104  11:55  SCV  
Show
View Real Time Build Order
Export as new Build Order

llllllllllll Protoss 

Build Orders: Dark Templar Rush 

Get SALT Encoding   

  12  0:00  Probe  
  13  0:13  Probe  
  14  0:17  Pylon  
  14  0:19  Pylon  
  14  0:23  Probe  
  15  0:33  Probe  
  15  0:40  Gateway  
  16  0:44  Probe  
  16  0:49  Assimilator  
  17  0:56  Probe, Assimilator  
  18  1:08  Probe  
  19  1:20  Probe  
  20  1:27  Cybernetics Core  
  20  1:32  Probe  
  21  1:35  Pylon  
  21  1:44  Probe  
  22  1:53  Adept  
  22  1:56  Probe  
  23  2:04  Warp Gate  
  23  2:07  Twilight Council  
  25  2:08  Probe  
  26  2:23  Adept  
  28  2:36  Nexus  
  28  2:44  Dark Shrine  
  28  3:11  Gateway  
  28  3:21  Gateway  
  29  3:27  Probe  
  29  3:39  Probe  
  29  3:47  Probe  
  30  3:49  Pylon  
  30  3:51  Probe  
  31  3:59  Probe  
  32  4:03  Probe  
  32  4:07  Dark Templar x2  
  32  4:09  Shadow Stride  
  37  4:11  Probe  
  37  4:13  Charge  
  37  4:15  Probe  
  37  4:16  Dark Templar  
  41  4:23  Probe  
  41  4:24  Probe  
  41  4:31  Probe  
  41  4:36  Probe  
  41  4:48  Probe  
  42  4:55  Probe  
  42  4:59  Assimilator  
  43  5:00  Probe  
  43  5:01  Assimilator  
  43  5:05  Gateway x2  
  43  5:07  Probe  
  43  5:10  Gateway  
  43  5:12  Probe  
  44  5:19  Probe  
  45  5:24  Probe  
  46  5:31  Probe  
  46  5:32  Stalker x3  
  46  5:34  Robotics Facility  
  51  5:36  Probe  
  46  5:43  Probe  
  46  5:48  Probe  
  48  5:55  Probe  
  49  5:57  Pylon  
  49  6:00  Probe  
  50  6:07  Probe  
  51  6:23  Dark Templar x3  
  51  6:24  Dark Templar x2  
  61  6:28  Pylon  
  61  6:31  Pylon  
  61  6:32  Pylon  
  61  6:35  Pylon  
  61  6:44  Observer  
  61  6:48  Pylon  
  61  6:51  Nexus  
  62  6:59  Zealot x2  
  62  7:00  Zealot x3  
  72  7:05  Gateway  
  70  7:22  Dark Templar x3  
  71  7:23  Dark Templar  
  75  7:32  Zealot x2  
  79  7:40  Probe  
  80  7:52  Probe  
  80  7:56  Dark Templar x2  
  80  7:57  Dark Templar  
  87  7:59  Zealot  
  87  8:02  Zealot  
  87  8:05  Probe  
  92  8:08  Probe x2  
  94  8:17  Probe  
  95  8:20  Probe  
  56  8:52  Zealot x5  
  56  8:53  Zealot x2  
  58  9:04  Probe x2  
  58  9:15  Zealot x5  
  58  9:16  Zealot x2  
  72  9:22  Observer  
  72  9:39  Dark Templar x5  
  80  10:05  Stalker x2  
  77  10:17  Dark Templar x3  
  77  10:18  Dark Templar x2  
  77  10:38  Probe x3  
  80  10:50  Probe x2  
  80  10:51  Probe  
  81  11:02  Probe  
  81  11:03  Probe  
  75  11:04  Zealot x2  
  75  11:05  Zealot x4  
  75  11:08  Probe  
  75  11:11  Probe  
  88  11:14  Probe  
  88  11:17  Immortal  
  82  11:21  Probe  
  63  11:27  Probe  
  68  11:34  Zealot x2  
  68  11:35  Zealot  
  74  11:42  Zealot x2  
  78  11:58  Zealot x5  
Tags
 
Add a new tag
Caveats
  • Supply blocks, unpowered buildings, or Contaminate may cause inaccurate times.
  • Supply counts are checked every 10 seconds.